 Dungeon Crawl Stone Soup version 0.28.0 (webtiles) character file.

Game seed: 11354650598883753577

606 zeram the Ducker (level 7, -1/35 HPs)
             Began as a Spriggan Fighter on Feb 6, 2022.
             Slain by an iguana (11 damage)
             ... on level 5 of the Dungeon.
             The game lasted 00:13:52 (6113 turns).

zeram the Ducker (Spriggan Fighter)                 Turns: 6113, Time: 00:13:52

Health: -1/35      AC:  2    Str: 12    XL:     7   Next: 19%
Magic:  8/8        EV: 19    Int: 11    God:
Gold:   281        SH:  6    Dex: 15    Spells: 6/6 levels left

rFire   . . .      SeeInvis +   e - +2 dagger (venom)
rCold   . . .      Faith    .   c - +0 buckler
rNeg    . . .      Spirit   .   b - +0 robe
rPois   .          Reflect  .   (helmet restricted)
rElec   .          Harm     .   (no cloak)
rCorr   +          Rampage  .   (gloves unavailable)
Will    +....                   (boots unavailable)
Stlth   +++.......              (no amulet)
HPRegen 0.11/turn               k - ring of resist corrosion
MPRegen 0.11/turn               (no ring)

@: very quick
A: very small, no large weapons, unfitting armour, see invisible, speed 3
a: no special abilities


You were on level 5 of the Dungeon.
You visited 1 branch of the dungeon, and saw 5 of its levels.
You also visited: Sewer.

You collected 281 gold pieces.

Inventory:

Hand Weapons
 a - a +0 rapier
 e - a +2 dagger of venom (weapon)
Missiles
 j - 3 poisoned darts (quivered)
Armour
 b - a +0 robe (worn)
 c - a +0 buckler (worn)
Jewellery
 k - a ring of resist corrosion (left hand)
Wands
 r - a wand of flame (14)
Scrolls
 n - a scroll of teleportation
 s - a scroll of fog {unknown}
 u - 2 scrolls of identify
 v - a scroll of amnesia {unknown}
Potions
 d - 3 potions of might
 f - a potion of invisibility {unknown}
 g - 2 potions of magic {unknown}
 h - 5 potions of heal wounds
 i - a potion of curing {unknown}
 l - a potion of berserk rage {unknown}
 m - 4 potions of lignification
 o - a potion of mutation {unknown}
 p - 2 potions of brilliance {unknown}
 q - a potion of haste {unknown}
 t - a potion of degeneration {unknown}


   Skills:
 - Level 2.4 Fighting
 + Level 5.4 Short Blades
 + Level 0.2 Throwing
 + Level 6.7 Dodging
 + Level 4.7 Stealth
 + Level 3.3 Shields


You had 6 spell levels left.
You didn't know any spells.
Your spell library was empty.

Dungeon Overview and Level Annotations

Branches:
Dungeon (5/15)              Sewer (visited)
 Temple: D:4-7

Altars:
Vehumet


Innate Abilities, Weirdness & Mutations

You are very small and have problems with some larger weapons.
You are too small for most types of armour.
You have supernaturally acute eyesight. (SInv)
You cover ground extremely quickly. (Speed+++)


Message History

The centaur skeleton is almost destroyed.
The centaur skeleton hits you. The centaur skeleton misses you.
You hit the centaur skeleton.
You destroy the centaur skeleton!
No target in view!
You start resting.
HP restored.
You now have 281 gold pieces (gained 14).
v - a scroll labelled BAEGRAESIT
m - 4 potions of lignification (gained 1)
u - 2 scrolls of identify (gained 1)
Found a tower shield.
You see here a +0 tower shield.
Found 20 stones.
An iguana comes into view.
An iguana is nearby!
You see here 20 stones.
Found a dagger.
The iguana hisses angrily.
The iguana bites you. You block the iguana's attack.
You barely miss the iguana. You completely miss the iguana.
The iguana completely misses you.
You hit the iguana.
The iguana is lightly wounded.
The iguana bites you!
You closely miss the iguana.
The iguana is lightly wounded.
You block the iguana's attack.
You hit the iguana but do no damage.
The iguana is poisoned.
The iguana is lightly wounded.
The iguana bites you!
* * * LOW HITPOINT WARNING * * *
You hit the iguana.
The iguana is heavily wounded.
You hit the iguana but do no damage.
The iguana looks as sick as possible!
The iguana is heavily wounded.
The iguana closely misses you. The iguana bites you!
You die...

.# .### ....# ....# #.
.....# . ###.....# #.
######l.....)#
#.######..(.@.#
#........###### ..
###..##### #.###...##
.#.....#..# .........####
...>........######
####..............########
.........#.........##....#


You could see an iguana (extremely poisoned).

Vanquished Creatures
  A scorpion (D:5)
  A bullfrog skeleton (D:4)
  3 jellies (Sewer)
  An orc priest (D:5)
  A centaur skeleton (D:5)
  A gnoll shaman (D:4)
  An orc wizard (D:4)
  An iguana (D:4)
  8 gnolls
  3 river rats (Sewer)
  6 adders
  A white imp (D:4)
  An adder skeleton (D:4)
  3 worms
  A dart slug (D:1)
  9 orcs
  19 endoplasms
  7 giant cockroaches
  7 goblins
  3 hobgoblins
  3 jackals (D:1)
  3 quokkas
  3 ball pythons
  6 bats
  3 frilled lizards (Sewer)
  8 kobolds
  17 rats
121 creatures vanquished.

Notes
Turn   | Place    | Note
-------+----------+-------------------------------------------
     0 | D:1      | zeram the Spriggan Fighter began the quest for the Orb.
     0 | D:1      | Reached XP level 1. HP: 11/11 MP: 2/2
   220 | D:1      | Found a faded altar of an unknown god.
   235 | D:1      | Reached XP level 2. HP: 12/16 MP: 3/3
  1332 | D:2      | Reached XP level 3. HP: 18/19 MP: 4/4
  1364 | D:2      | Reached skill level 1 in Stealth
  1749 | D:2      | Reached skill level 5 in Dodging
  1807 | D:2      | Reached XP level 4. HP: 23/23 MP: 5/5
  2492 | D:3      | Found a glowing drain.
  2501 | Sewer    | Entered a sewer
  2805 | Sewer    | Reached XP level 5. HP: 15/27 MP: 6/6
  3347 | Sewer    | Found a viscous altar of Jiyva.
  3614 | D:3      | Found a radiant altar of Vehumet.
  3620 | D:3      | Reached XP level 6. HP: 32/32 MP: 7/7
  4298 | D:4      | Reached skill level 6 in Dodging
  4742 | D:4      | Reached skill level 5 in Short Blades
  5651 | D:5      | Entered Level 5 of the Dungeon
  5665 | D:5      | Reached XP level 7. HP: 35/35 MP: 8/8
  6113 | D:5      | Slain by an iguana

Illustrated notes

Levels and vault maps discovered:
D:1:      dpeg_arrival_windows_large_door, layout_basic, basic_ecumenical_altar,
          serial_aquarium, aquarium_bridge_straight [aquarium_subvault_bridge,
          aquarium_subvault_wall, aquarium_subvault_bridge,
          aquarium_subvault_wall], aquarium_window_fake,
          aquarium_window_corridor_1, aquarium_window_corner,
          aquarium_window_fake, aquarium_view_2a, aquarium_view_2d,
          aquarium_balcony_double_2
D:2:      layout_basic, minmay_rat_gold_closets
D:3:      layout_basic, vehumet_altar_wand_db, portal_sewer_entry_a
D:4:      layout_loops_corners
D:5:      layout_rooms

Skill      XL: |  1  2  3  4  5  6 |
---------------+-------------------+-----
Stealth        | 1 2 3 4 |  4.7
Dodging        | 5 6 |  6.7
Short Blades   | 3 4 5 |  5.4
Shields        | 3 |  3.3
Fighting       | |  2.4
Throwing       | |  0.2

Action                   |  1- 3 |  4- 6 |  7- 9 || total
-------------------------+-------+-------+-------++-------
Melee: Dagger            |    86 |   277 |    34 ||   397
       Rapier            |     7 |       |       ||     7
Throw: Dart              |     3 |       |       ||     3
  Use: Scroll            |       |     5 |       ||     5
 Stab: Sleeping          |     1 |     6 |       ||     7
       Distracted        |       |     1 |       ||     1
Armor: Robe              |     9 |    10 |     2 ||    21
Dodge: Dodged            |    77 |   143 |    26 ||   246
Block: Buckler           |    22 |    61 |    12 ||    95
